 Dungeon Crawl Stone Soup version 0.22-a0-750-ga7dcef7 (webtiles) character file.

48013 chorionicmirror the Carver (level 14, -4/165 HPs)
             Began as a Demonspawn Gladiator on July 15, 2018.
             Was an Initiate of Gozag.
             Slain by a seven-headed hydra (6 damage)
             ... on level 15 of the Dungeon.
             The game lasted 01:18:26 (21812 turns).

chorionicmirror the Carver (Demonspawn Gladiator)  Turns: 21812, Time: 01:18:28

Health: -4/165     AC: 27    Str: 24    XL:     14   Next: 10%
Magic:  14/14      EV:  2    Int: 10    God:    Gozag
Gold:   714        SH:  7    Dex: 15    Spells: 13/13 levels left

rFire    + . .     SeeInvis .   z - +2 flail (crush)
rCold    . . .     Gourm    .   G - +1 buckler {rF+}
rNeg     + + +     Faith    .   (armour currently unavailable)
rPois    +         Spirit   .   (helmet currently unavailable)
rElec    .         Reflect  .   (cloak currently unavailable)
rCorr    .         Harm     .   (gloves currently unavailable)
MR       +....     NoTele   +   (boots currently unavailable)
Stlth    +++++.....             h - amulet of rage
HPRegen  0.37/turn              i - +4 ring of evasion
MPRegen  0.14/turn              L - +5 ring of strength

@: tree-form
A: nightstalker 3, powered by death 2
a: Potion Petition, Call Merchant, Bribe Branch, Renounce Religion, Evoke
Berserk Rage


You were on level 15 of the Dungeon.
You worshipped Gozag.
Gozag was pleased with you.
You were not hungry.
You were a tree.
You visited 3 branches of the dungeon, and saw 19 of its levels.

You collected 4386 gold pieces.
You paid 3672 gold pieces to Gozag.

Inventory:

Hand Weapons
 b - a +1 double sword of electrocution
 z - a +2 flail of crushing (weapon)
Missiles
 p - 3 throwing nets (quivered)
Armour
 g - a +2 large shield
 j - a +2 pair of boots of running (melded)
 k - a +1 helmet (melded)
 v - a +2 chain mail of magic resistance (melded)
 G - a +1 buckler of fire resistance (worn)
 Q - a +0 pair of gloves (melded)
 R - a +2 cloak (melded)
Jewellery
 d - an uncursed ring of wizardry
 h - an amulet of rage (around neck)
 i - a +4 ring of evasion (left branch)
 u - an uncursed ring of protection from magic
 C - an uncursed ring of ice
 H - an uncursed ring of flight
 L - a +5 ring of strength (right branch)
Wands
 y - a wand of random effects (30)
 B - a wand of flame (54)
 D - a wand of clouds (9)
Scrolls
 c - 6 scrolls of identify
 e - 8 scrolls of teleportation
 l - 6 scrolls of remove curse
 r - 2 scrolls of magic mapping
 s - 5 scrolls of enchant armour
 w - 2 scrolls of amnesia
 F - a scroll of blinking
 I - a scroll of enchant weapon
 N - 2 scrolls of fog
 O - 4 scrolls of immolation
Potions
 m - 3 potions of curing
 n - 4 potions of agility
 o - 4 potions of magic
 q - a potion of flight
 t - 2 potions of haste
 x - a potion of might
 A - 2 potions of brilliance
 E - a potion of mutation
Miscellaneous
 P - a phantom mirror
 T - a fan of gales
Comestibles
 f - 15 rations


   Skills:
 - Level 10.0 Fighting
   Level 2.1(10.1) Short Blades
 * Level 14.7 Long Blades
 - Level 2.0 Throwing
 - Level 10.1 Armour
 + Level 6.1 Dodging
 - Level 3.0 Stealth
 - Level 8.8 Shields


You had 13 spell levels left.
You didn't know any spells.
Your spell library contained the following spells:

 Spells                   Type           Power        Failure   Level  Hunger
 Apportation              Tloc           #.....       36%         1    ##.....
 Bolt of Cold             Conj/Ice       #.........   100%        6    #######
 Freezing Cloud           Conj/Ice/Air   #.........   100%        6    #######
 Summon Small Mammal      Summ           #...         36%         1    ##.....
 Bolt of Draining         Conj/Necr      #.........   100%        5    ######.
 Animate Dead             Necr           N/A          98%         4    #####..
 Animate Skeleton         Necr           N/A          36%         1    ##.....
 Vampiric Draining        Necr           #.........   75%         3    ####...
 Ozocubu's Refrigeration  Ice            #.........   100%        6    #######
 Dispel Undead            Necr           #.......     100%        5    ######.
 Regeneration             Chrm/Necr      #.........   75%         3    ####...
 Recall                   Summ/Tloc      N/A          75%         3    ####...
 Ice Form                 Ice/Tmut       #.......     98%         4    #####..
 Death Channel            Necr           #.........   100%        6    #######
 Confusing Touch          Hex            #.....       36%         1    ##.....
 Metabolic Englaciation   Hex/Ice        #.........   100%        5    ######.
 Lee's Rapid Deconstruct  Erth           #.........   100%        5    ######.
 Sandblast                Erth           #.....       36%         1    ##.....
 Simulacrum               Ice/Necr       #.........   100%        6    #######
 Shroud of Golubria       Chrm/Tloc      #.........   50%         2    ###....
 Infusion                 Chrm           #...         36%         1    ##.....
 Song of Slaying          Chrm           #.......     50%         2    ###....
 Spectral Weapon          Hex/Chrm       #.......     75%         3    ####...
 Borgnjor's Vile Clutch   Necr/Erth      #.........   100%        5    ######.


Dungeon Overview and Level Annotations

Branches:
Dungeon (15/15)            Temple (1/1) D:7            Lair (3/6) D:9
  Snake (0/4) Lair:3          Orc (0/2) D:11         Vaults (0/5) D:14
  Swamp: Lair:2-4    Shoals: Lair:2-4    Depths: D:15

Altars:
Ashenzari
Cheibriados
Dithmenos
Elyvilon
Fedhas
Gozag
Hepliaklqana
Kikubaaqudgha
Makhleb
Nemelex Xobeh
Okawaru
Qazlal
Ru
Sif Muna
Trog
Uskayaw
Vehumet
Wu Jian
Xom
Yredelemnul
Zin
The Shining One

Shops:
D:5 }   D:11 :


Innate Abilities, Weirdness & Mutations

((You have very sharp fingernails.))
((You are mostly covered in large bone plates. (SH +6)))
You are completely attuned to the shadows.
You regenerate health from kills.


Message History

The seven-headed hydra bites you.
* * * LOW HITPOINT WARNING * * *
The seven-headed hydra bites you but does no damage.
The seven-headed hydra barely misses you.
The seven-headed hydra bites you but does no damage. x2
The seven-headed hydra barely misses you.
You block the seven-headed hydra's attack.
The seven-headed hydra bites you but does no damage. x3
The seven-headed hydra bites you!
* * * LOW HITPOINT WARNING * * *
The seven-headed hydra bites you but does no damage.
The seven-headed hydra bites you!
* * * LOW HITPOINT WARNING * * *
The seven-headed hydra bites you but does no damage.
You barely miss the seven-headed hydra.
The seven-headed hydra is almost dead.
The seven-headed hydra bites you but does no damage.
The seven-headed hydra bites you.
You die...
Your body crumbles into a pile of gold.

....<.....#
......##...
.....## ...
##.... ##.....
##.......
##........
....D....# $
#.♣...# ##...##
##..# ## ...
##...# #..
#..##....##...
#........[....
#.....#......
###...##.......
.....###.......


You could see a seven-headed hydra.

Vanquished Creatures
  The ghost of Huudej the Grappler, a journeyman TrWz of Ashenzari (D:12)
  Harold (Lair:2)
  8 vault guards (D:14)
  A catoblepas (D:14)
  4 hydras
  Erica (D:11)
  4 two-headed ogres
  An ogre mage (D:12)
  2 centaur warriors
  3 unseen horrors
  Pikel (D:9)
  An ugly thing (D:11)
  5 oklob plants
  2 manticores
  A cyclops (D:14)
  5 elephants (Lair:3)
  A gargoyle (D:13)
  2 black mambas (Lair:3)
  6 spiny frogs
  4 komodo dragons
  9 meliai
  A troll (D:12)
  9 hippogriffs
  Grinder (D:6)
  A vampire (D:14)
  13 yaks
  3 wyverns
  A human (D:8)
  2 basilisks
  4 hogs (D:8)
  A hog (shapeshifter) (D:13)
  3 vampire mosquitoes (D:15)
  A soldier ant (D:14)
  An acid dragon (D:14)
  Edmund (D:4)
  15 water moccasins
  Duvessa (D:7)
  5 porcupines
  3 ice beasts
  A black bear (D:10)
  7 orc warriors
  A hornet zombie (D:13)
  4 sky beasts
  A necrophage (D:11)
  5 phantoms
  7 ogres
  2 eyes of draining
  4 wolves (Lair:1)
  13 centaurs
  3 crocodiles
  3 big kobolds
  8 bullfrogs
  A gnoll sergeant (D:5)
  Dowan (D:7)
  7 killer bees
  A scorpion (D:4)
  7 wights (D:11)
  2 electric eels
  A howler monkey (D:4)
  6 crimson imps
  2 bullfrog zombies
  2 quasits
  7 centaur zombies
  7 hounds
  9 orc priests
  Crazy Yiuf (D:2)
  A gnoll shaman (D:5)
  5 centaur skeletons
  6 jellies
  2 bullfrog skeletons
  4 iguanas
  9 orc wizards
  11 worker ants
  2 hound zombies
  A hound skeleton (D:4)
  2 worker ant zombies
  A howler monkey skeleton (D:11)
  14 adders
  54 gnolls
  3 shadow imps
  13 oozes (Lair:2)
  An adder zombie (D:7)
  6 worms
  5 dart slugs
  5 leopard geckos
  55 orcs
  4 ball pythons
  8 bats
  5 giant cockroaches
  15 hobgoblins
  23 jackals
  24 kobolds
  2 quokkas
  9 frilled lizards
  4 goblins
  2 jackal skeletons
  A leopard gecko skeleton (D:4)
  2 quokka skeletons
  4 rats
  2 fungi (Lair:2)
  3 plants
550 creatures vanquished.

Vanquished Creatures (others)
  An orc (D:9)
  A kobold (D:10)
  A rat (D:3)
  5 fungi
8 creatures vanquished.

Grand Total: 558 creatures vanquished

Notes
Turn   | Place    | Note
-------+----------+-------------------------------------------
     0 | D:1      | chorionicmirror the Demonspawn Gladiator began the quest for the Orb.
     0 | D:1      | Reached XP level 1. HP: 16/16 MP: 1/1
   181 | D:1      | Gained mutation: You have sharp fingernails. [demonic ancestry]
   181 | D:1      | Reached XP level 2. HP: 10/22 MP: 2/2
  1242 | D:2      | Gained mutation: You are partially covered in large bone plates. (SH +4) [demonic ancestry]
  1242 | D:2      | Reached XP level 3. HP: 14/28 MP: 3/3
  1415 | D:2      | Reached skill level 3 in Long Blades
  1448 | D:2      | Reached skill level 1 in Armour
  1541 | D:2      | Found a runed door.
  1545 | D:2      | Noticed Crazy Yiuf
  1554 | D:2      | Killed Crazy Yiuf
  1554 | D:2      | Reached XP level 4. HP: 35/35 MP: 4/4
  1772 | D:2      | Reached skill level 1 in Short Blades
  1886 | D:2      | Found a basalt altar of Yredelemnul.
  2272 | D:3      | Gained mutation: You regenerate a little health from kills. [demonic ancestry]
  2272 | D:3      | Reached XP level 5. HP: 42/42 MP: 5/5
  3115 | D:4      | Gained mutation: You regenerate health from kills. [demonic ancestry]
  3115 | D:4      | Reached XP level 6. HP: 34/49 MP: 6/6
  3233 | D:4      | Reached skill level 5 in Fighting
  3279 | D:4      | Gained mutation: You have very sharp fingernails. [demonic ancestry]
  3279 | D:4      | Reached XP level 7. HP: 51/57 MP: 7/7
  3305 | D:4      | Noticed Edmund
  3322 | D:4      | Killed Edmund
  3864 | D:4      | Found an opulent altar of Gozag.
  3928 | D:4      | Became a worshipper of Gozag Ym Sagoz the Greedy
  3952 | D:5      | Entered Level 5 of the Dungeon
  4004 | D:5      | Gained mutation: You are slightly more attuned to the shadows. [demonic ancestry]
  4004 | D:5      | Reached XP level 8. HP: 68/68 MP: 8/8
  4118 | D:5      | Reached skill level 1 in Stealth
  4123 | D:5      | Found a shimmering altar of Xom.
  4168 | D:5      | You fall through a shaft for 3 floors!
  4178 | D:8      | Found a sand-covered staircase.
  4236 | D:7      | Noticed a hippogriff
  4270 | D:7      | Killed a hippogriff
  4296 | D:7      | Noticed a hippogriff
  4518 | D:7      | Noticed a hippogriff
  4533 | D:7      | Killed a hippogriff
  4636 | D:7      | Killed a hippogriff
  4636 | D:7      | Reached skill level 5 in Armour
  4698 | D:7      | Noticed Dowan
  4742 | D:6      | Gained mutation: You are mostly covered in large bone plates. (SH +6) [demonic ancestry]
  4742 | D:6      | Reached XP level 9. HP: 54/76 MP: 9/9
  5828 | D:5      | Found Duaresh's Gadget Boutique.
  6916 | D:5      | Reached skill level 10 in Fighting
  7343 | D:6      | Noticed Grinder
  7391 | D:6      | Killed Grinder
  7572 | D:7      | Noticed Duvessa
  7618 | D:7      | Killed Dowan
  7628 | D:7      | Killed Duvessa
  8042 | D:7      | Found a staircase to the Ecumenical Temple.
  8090 | Temple   | Entered the Ecumenical Temple
  8436 | D:8      | Noticed a two-headed ogre
  8478 | D:8      | Killed a two-headed ogre
  8478 | D:8      | Reached skill level 4 in Long Blades
  8478 | D:8      | Gained mutation: You are significantly more attuned to the shadows. [demonic ancestry]
  8478 | D:8      | Reached XP level 10. HP: 61/85 MP: 10/10
  9092 | D:8      | Killed an unseen horror
  9092 | D:8      | Reached skill level 5 in Long Blades
 10090 | D:9      | Found a staircase to the Lair.
 10122 | D:9      | Noticed Pikel
 10154 | D:9      | Killed Pikel
 10154 | D:9      | Reached skill level 6 in Long Blades
 10154 | D:9      | Reached skill level 1 in Shields
 10732 | D:9      | Got a crude war axe
 10736 | D:9      | Identified the +4 war axe "Hutinucwowo" {flame, *Rage +Blink rF++ Str+2} (You found it on level 9 of the Dungeon)
 10863 | D:9      | Identified a scroll of acquirement
 10871 | D:10     | Entered Level 10 of the Dungeon
 10955 | D:10     | Noticed a two-headed ogre
 10964 | D:10     | Killed a two-headed ogre
 10964 | D:10     | Reached skill level 10 in Armour
 11009 | D:10     | Reached XP level 11. HP: 90/90 MP: 11/11
 11214 | D:10     | Reached skill level 7 in Long Blades
 11845 | D:11     | Noticed a green ugly thing
 11851 | D:11     | Killed a green ugly thing
 12142 | D:11     | Noticed a two-headed ogre
 12153 | D:11     | Killed a two-headed ogre
 12153 | D:11     | Reached skill level 8 in Long Blades
 12496 | D:11     | Found a staircase to the Orcish Mines.
 12559 | D:11     | Found Josol's Book Shop.
 12631 | D:11     | Killed an unseen horror
 12631 | D:11     | Reached skill level 9 in Long Blades
 12711 | D:11     | Noticed Erica
 12720 | D:11     | Killed Erica
 12720 | D:11     | Reached skill level 5 in Shields
 13089 | Lair:1   | Entered Level 1 of the Lair of Beasts
 13408 | Lair:1   | Noticed an oklob plant
 13417 | Lair:1   | Killed an oklob plant
 13422 | Lair:1   | Noticed an oklob plant
 13424 | Lair:1   | Noticed an oklob plant
 13429 | Lair:1   | Killed an oklob plant
 13429 | Lair:1   | Reached skill level 10 in Long Blades
 13429 | Lair:1   | Reached XP level 12. HP: 44/97 MP: 12/12
 13980 | Lair:1   | Identified Owesair's Disquisition on Dusty Unholy Rituals
 15305 | Lair:2   | Reached skill level 11 in Long Blades
 15373 | Lair:2   | Noticed Harold
 15413 | Lair:2   | Killed Harold
 16583 | Lair:3   | Found a staircase to the Snake Pit.
 16699 | Lair:3   | Reached skill level 12 in Long Blades
 17005 | Lair:3   | Noticed a five-headed hydra
 17019 | Lair:3   | Killed an eight-headed hydra
 17286 | Lair:3   | Noticed a four-headed hydra
 17305 | Lair:3   | Killed a four-headed hydra
 18099 | D:12     | Reached XP level 13. HP: 101/103 MP: 13/13
 18999 | D:12     | Found a runed door.
 19001 | D:12     | Noticed Huudej's ghost (journeyman TrWz)
 19022 | D:12     | Killed Huudej's ghost
 19022 | D:12     | Reached skill level 13 in Long Blades
 19267 | D:12     | Identified a +1 pair of boots of running (You acquired it on level 12 of the Dungeon)
 19498 | D:13     | Got a pair of transparent boots
 19509 | D:13     | Identified the cursed +0 pair of boots of Fohuts {rC+ MP-9 SInv} (You found it on level 13 of the Dungeon)
 20613 | D:14     | Found a gate to the Vaults.
 20657 | D:14     | Reached skill level 14 in Long Blades
 20664 | D:14     | Reached skill level 5 in Dodging
 21221 | D:14     | Gained mutation: You are completely attuned to the shadows. [demonic ancestry]
 21221 | D:14     | Reached XP level 14. HP: 110/110 MP: 14/14
 21315 | D:15     | Entered Level 15 of the Dungeon
 21811 | D:15     | HP: 1/165 [seven-headed hydra (8)]
 21812 | D:15     | Slain by a seven-headed hydra

Vault maps used:
D:1:      dpeg_arrival_tiny_c
D:2:      minmay_misc_feat_alley, minmay_item_behind_shaft,
          yredelemnul_altar_generic, uniq_crazy_yiuf_cottage
D:4:      grunt_gozag_statues, first_ration, uniq_edmund
D:5:      lemuel_castle_with_subvaults, serial_shops, nicolae_shop_behind_doors,
          led_xom_imps
D:6:      uniq_grinder
D:7:      minmay_temple_entry_poolview, uniq_duvessa
D:8:      nicolae_ossuary_entry_false_entrances, grunt_livestock
D:9:      lair_entry_dummy, uniq_pikel
D:11:     orc_0_dummy, serial_shops, kennysheep_mini, uniq_erica
D:12:     ebering_ghost_inner_flame
D:14:     erik_vaults_2, minmay_door_square, patterned_corridor
D:15:     hangedman_depths_entry_try_elsewhere_first
Temple:   kilobyte_greek_temple
Lair:1:   minmay_lair_oklob_tunnel, infiniplex_staircase_pool
Lair:2:   lemuel_slime, serial_bayou_shore_a, uniq_harold
Lair:3:   minmay_snake_entry_six_corridors

Skill      XL: |  1  2  3  4  5  6  7  8  9 10 11 12 13 14 |
---------------+-------------------------------------------+-----
Throwing       | 2 |  2.0
Long Blades    | 3 4 6 10 12 14 | 14.7
Dodging        | 3 5 6 |  6.1
Armour         | 1 2 3 5 8 10 | 10.1
Fighting       | 3 4 5 7 9 10 | 10.0
Short Blades   | 1 2 |  2.1
Stealth        | 3 |  3.0
Shields        | 2 5 8 |  8.8

Action                   |  1- 3 |  4- 6 |  7- 9 | 10-12 | 13-15 || total
-------------------------+-------+-------+-------+-------+-------++-------
Melee: Long sword        |    35 |       |       |       |       ||    35
       Dagger            |    96 |   392 |  1622 |   436 |       ||  2546
       Double sword      |       |       |       |   528 |   452 ||   980
       Flail             |       |       |       |    19 |    32 ||    51
Throw: Throwing net      |     3 |       |     2 |     1 |       ||     6
Invok: Potion Petition   |       |       |       |     4 |     3 ||     7
Evoke: Wand              |       |       |     5 |     8 |       ||    13
  Use: Scroll            |     3 |     6 |     8 |     9 |    13 ||    39
       Potion            |       |     1 |     3 |    11 |     2 ||    17
 Stab: Sleeping          |     1 |       |       |     1 |     2 ||     4
       Held in net/web   |     3 |       |     2 |       |       ||     5
       Distracted        |       |       |     4 |       |     3 ||     7
       Invisible         |       |       |       |     2 |     1 ||     3
       Petrified         |       |       |       |       |     1 ||     1
  Eat: Chunk             |     2 |     6 |     3 |       |       ||    11
       Ration            |       |       |     5 |    10 |     3 ||    18
Armor: Leather armour    |    45 |       |       |       |       ||    45
       Ring mail         |     4 |    54 |       |       |       ||    58
       Skin              |       |    61 |       |    73 |    14 ||   148
       Chain mail        |       |   119 |   693 |   481 |   224 ||  1517
Dodge: Dodged            |   108 |   160 |   704 |   518 |   267 ||  1757
Block: Other             |     3 |    55 |   409 |   268 |    37 ||   772
       Buckler           |       |       |       |       |   215 ||   215
       Shield            |       |       |       |       |    19 ||    19
       Rpst.: Long sword |     9 |       |       |       |       ||     9
       Double sword      |       |       |       |    77 |    34 ||   111

Table legend:
 A = Spawn XP
 B = Non-spawn XP
 C = Spawn XP percentage of total XP
 D = Spawn monster count
 E = Non-spawn monster count
 F = Spawn count percentage of total count
 G = Total turns spent on level
                    A         B        C        D         E        F      G
               +---------+---------+-------+---------+---------+-------+---------
         Total |       0 |   68590 |   0.0 |       0 |     545 |   0.0 | 21812
               +---------+---------+-------+---------+---------+-------+---------
           D:1 |       0 |      33 |   0.0 |       0 |      19 |   0.0 |  1177
           D:2 |       0 |     114 |   0.0 |       0 |      31 |   0.0 |   975
           D:3 |       0 |     198 |   0.0 |       0 |      37 |   0.0 |   952
           D:4 |       0 |    1052 |   0.0 |       0 |      36 |   0.0 |   848
           D:5 |       0 |    1500 |   0.0 |       0 |      87 |   0.0 |  2283
           D:6 |       0 |     737 |   0.0 |       0 |      10 |   0.0 |   787
           D:7 |       0 |    1651 |   0.0 |       0 |      26 |   0.0 |  1184
           D:8 |       0 |    3015 |   0.0 |       0 |      17 |   0.0 |  1243
           D:9 |       0 |    1239 |   0.0 |       0 |      14 |   0.0 |  1235
          D:10 |       0 |    2937 |   0.0 |       0 |      28 |   0.0 |   950
          D:11 |       0 |    7141 |   0.0 |       0 |      39 |   0.0 |  1288
          D:12 |       0 |    8408 |   0.0 |       0 |      43 |   0.0 |  1372
          D:13 |       0 |    4915 |   0.0 |       0 |      27 |   0.0 |   948
          D:14 |       0 |   14484 |   0.0 |       0 |      33 |   0.0 |   970
          D:15 |       0 |    3624 |   0.0 |       0 |      13 |   0.0 |   497
        Lair:1 |       0 |    6187 |   0.0 |       0 |      24 |   0.0 |  1914
        Lair:2 |       0 |    3764 |   0.0 |       0 |      27 |   0.0 |  1505
        Lair:3 |       0 |    7591 |   0.0 |       0 |      34 |   0.0 |  1485
               +---------+---------+-------+---------+---------+-------+---------
